 Dungeon Crawl Stone Soup version 0.31-a0-506-g3d79149578 (webtiles) character file.

Game seed: 8958944694551299760

4 Ethylacetat the Ducker (level 1, -7/14 HPs)
             Began as an Octopode Gladiator on Aug 8, 2023.
             Mangled by a gnoll
             ... wielding a +0 club
              (8 damage)
             ... on level 1 of the Dungeon.
             The game lasted 00:00:25 (47 turns).

Ethylacetat the Ducker (Octopode Gladiator)           Turns: 47, Time: 00:00:26

Health: -7/14      AC:  1    Str: 13    XL:     1   Next: 60%
Magic:  1/1        EV: 13    Int: 10    God:
Gold:   0          SH:  0    Dex: 13    Spells: 0/0 levels left

rFire   . . .        a - +0 long sword
rCold   . . .        (no shield)
rNeg    . . .        b - +0 hat
rPois   .            (no amulet)
rElec   .            (no ring)
rCorr   .            (no ring)
SInv    .            (no ring)
Will    .....        (no ring)
Stlth   ++           (no ring)
HPRegen 0.22/turn    (no ring)
MPRegen 0.07/turn    (no ring)
                     (no ring)

%: no passive effects
@: no status effects
A: almost no armour, amphibious, 8 rings, camouflage 1, gelatinous body 1,
(nimble swimmer 1), tentacles
a: no special abilities


You were on level 1 of the Dungeon.
You visited 1 branch of the dungeon, and saw 1 of its levels.

Inventory:

Hand Weapons
 a - a +0 long sword (weapon)
Missiles
 c - 3 throwing nets (quivered)
 d - a javelin
Armour
 b - a +0 hat (worn)


   Skills:
 + Level 2.1 Fighting
 + Level 3.0 Long Blades
 - Level 2.0 Throwing
 + Level 3.0 Dodging
 + Level 0.5 Stealth


You couldn't memorise any spells.
You didn't know any spells.
Your spell library was empty.

Dungeon Overview and Level Annotations

Branches:
Dungeon (1/15)

Altars:


Innate Abilities, Weirdness & Mutations

You cannot wear most types of armour.
You are amphibious.
You can wear up to eight rings at the same time.
Your skin changes colour to match your surroundings (Stealth+).
Your rubbery body absorbs attacks. (AC +1, EV +1)
((You are camouflaged when in or above water. (Stealth+)))
You have tentacles for arms and can constrict up to eight enemies at once.


Message History

The kobold hits you with a +0 dagger.
The endoplasm moves out of view.
You barely miss the kobold. Your grab misses the kobold.
You squeeze the kobold.
You kill the kobold!
A ball python comes into view.
The ball python bites you. The ball python closely misses you.
A gnoll comes into view. It is wielding a +0 club.
Things that are here:
a +0 dagger; a stone The endoplasm quivers.
The gnoll shouts!
You hit the ball python. Your grab misses the ball python.
The ball python is heavily wounded.
The ball python bites you. The ball python grabs you.
The ball python constricts you. The ball python bites you.
The ball python constricts you.
You completely miss the ball python. Your grab misses the ball python.
Your squeeze misses the ball python.
The ball python is heavily wounded.
The ball python barely misses you. The ball python constricts you.
You are too injured to fight recklessly!
You are too injured to fight recklessly!
You are too injured to fight recklessly!
You are too injured to fight recklessly!
You barely miss the ball python. Your grab misses the ball python.
The ball python is heavily wounded.
The ball python closely misses you. The ball python constricts you.
The endoplasm closely misses you.
The ball python bites you but does no damage.
The ball python constricts you.
You slash the ball python!
You kill the ball python!
The endoplasm freezes you.
You are frozen.
* * * LOW HITPOINT WARNING * * *
The endoplasm hits you.
* * * LOW HITPOINT WARNING * * *
The gnoll hits you with a +0 club!
Ouch! That really hurt!
You die...

#.....#..# #
#...#....#
#.#...#....# .#
...........# .#
.#.....#...##.##
.......#.......#
#...J.......#
#..g@.......####
......†##.........#
.##...# #.........#
#.#. ##....†....# #
# #..........##
#...........#####
............†......
...#....###+###'###+
........#...........


You could see a gnoll and an endoplasm.

Vanquished Creatures
  A dart slug (D:1)
  A ball python (D:1)
  A kobold (D:1)
  A rat (D:1)
4 creatures vanquished.

Notes
Turn   | Place    | Note
-------+----------+-------------------------------------------
     0 | D:1      | Ethylacetat the Octopode Gladiator began the quest for the
                  | Orb.
     0 | D:1      | Reached XP level 1. HP: 14/14 MP: 1/1
    47 | D:1      | Mangled by a gnoll

Illustrated notes

Levels and vault maps discovered:
D:1:      zaba_arrival_water, layout_rooms

Action                     || total
---------------------------++-------
  Melee: Long sword        ||     8
         Constrict         ||     1
         Tentacles         ||     1
 Armour: Skin              ||     1
  Dodge: Dodged            ||     7

Table legend: (Time is in decaauts)
 A = Elapsed time spent in this place.
 B = Non-inter-level travel time spent in this place.
 C = Inter-level travel time spent in this place.
 D = Time resting spent in this place.
 E = Time spent auto-exploring this place.
 F = Levels seen in this place.
 G = Mean time per level.
                   A        B        C        D        E       F      G
               +--------+--------+--------+--------+--------+-----+--------+
         Total |     48 |     48 |      0 |      0 |     26 |   1 |   48.0 |
       Dungeon |     48 |     48 |      0 |      0 |     26 |   1 |   48.0 |
               +--------+--------+--------+--------+--------+-----+--------+

Top non-repeatable levels by time:
     D:1: 48 daAuts
